 Dungeon Crawl Stone Soup version 0.22-a0-305-gd21a89c538 (webtiles) character file.

51 Oravi the Insei (level 3, 0/26 HPs)
             Began as a Merfolk Transmuter on Apr 1, 2018.
             Slain by Natasha (9 damage)
             ... on level 2 of the Dungeon.
             The game lasted 00:04:30 (1808 turns).

Oravi the Insei (Merfolk Transmuter)                Turns: 1808, Time: 00:04:30

Health: 0/26       AC:  2    Str: 11    XL:     3   Next: 83%
Magic:  0/6        EV: 13    Int: 12    God:
Gold:   85         SH:  0    Dex: 14    Spells: 0/6 levels left

rFire    . . .     SeeInvis .     - Unarmed
rCold    . . .     Gourm    .   (no shield)
rNeg     . . .     Faith    .   b - +0 robe
rPois    .         Spirit   .   (no helmet)
rElec    .         Reflect  .   (no cloak)
rCorr    .         Harm     .   (no gloves)
MR       .....                  (no boots)
Stlth    +.........             (no amulet)
HPRegen  0.08/turn              (no ring)
MPRegen  0.10/turn              (no ring)

@: appendage, very slightly contaminated, slowed, very slow
A: change form in water, swift swim, stealthy swim, horns 2
a: End Transformation


You were on level 2 of the Dungeon.
You were not hungry.
You had grown temporary horns.
You visited 1 branch of the dungeon, and saw 2 of its levels.

You collected 85 gold pieces.

Inventory:

Missiles
 a - 35 arrows
Armour
 b - a +0 robe (worn)
Jewellery
 e - a cursed ring of teleportation {unknown}
Scrolls
 c - a scroll of random uselessness {unknown}
 g - a scroll of enchant armour {unknown}
 i - 2 scrolls of identify {unknown}
Potions
 f - a potion of berserk rage
 h - a potion of mutation {unknown}
 j - a potion of lignification {unknown}
 k - a potion of heal wounds {unknown}
Comestibles
 d - 3 rations


   Skills:
 + Level 1.3 Fighting
 + Level 3.1 Dodging
 + Level 4.1 Unarmed Combat
 + Level 2.1 Spellcasting
 * Level 3.7 Transmutations
 * Level 0.1 Poison Magic


You couldn't memorise any spells.
You knew the following spells:

 Your Spells              Type           Power        Failure   Level  Hunger
a - Beastly Appendage     Tmut           ##....       5%          1    ##.....
b - Sticks to Snakes      Tmut           ##......     9%          2    ###....
c - Spider Form           Tmut/Pois      #.........   34%         3    ####...


Dungeon Overview and Level Annotations

Branches:
Dungeon (2/15)

Altars:
Dithmenos

Annotations:
D:2 Natasha


Innate Abilities, Weirdness & Mutations

You revert to your normal form in water.
You are very nimble and swift while swimming.
You are very stealthy in the water. (Stealth+)
You have a pair of horns on your head.


Message History

Natasha is lightly wounded.
You barely miss Natasha.
Natasha is lightly wounded.
Natasha closely misses you.
Casting: Spider Form (safe; 34% risk of failure)
Confirm with . or Enter, or press ? or * to list all spells.
You grow a pair of large bovine horns.
The crimson imp barely misses you.
Natasha stares at you and mumbles some strange words.
You resist with significant effort.
You barely miss Natasha.
Natasha is lightly wounded.
The crimson imp hits you. Natasha casts a spell at you.
You feel yourself slow down.
You barely miss Natasha.
Natasha is lightly wounded.
The crimson imp hits you.
Natasha extends her claws.
Natasha claws you!
You die...

#### ###...
#.... ###
##.#.# ..
###....####
.. .........
.. #5h..# #.
#@# #####.
#.#.# ....[.
#.#.# ......
#.#.#
#.####.
#$#.###
#.####. #
#.....#
#.#....
#.##.....###
#.#.##.
#..........#
#.#.##.
####.....#.#
#.#.##.


You could see Natasha and a crimson imp.

Vanquished Creatures
  2 adders (D:2)
  A worm (D:2)
  2 goblins (D:1)
  5 hobgoblins
  7 jackals (D:2)
  2 kobolds
  A quokka (D:2)
  4 bats
  A frilled lizard (D:1)
  2 rats
27 creatures vanquished.

Notes
Turn   | Place    | Note
-------+----------+-------------------------------------------
     0 | D:1      | Oravi the Merfolk Transmuter began the quest for the Orb.
     0 | D:1      | Reached XP level 1. HP: 15/15 MP: 3/3
   268 | D:1      | Reached XP level 2. HP: 17/21 MP: 5/5
   730 | D:2      | Learned a level 2 spell: Sticks to Snakes
  1028 | D:2      | Found a shadowy altar of Dithmenos.
  1036 | D:2      | Reached XP level 3. HP: 16/26 MP: 4/6
  1232 | D:2      | Reached skill level 4 in Unarmed Combat
  1250 | D:2      | Learned a level 3 spell: Spider Form
  1786 | D:2      | Noticed Natasha
  1808 | D:2      | Slain by Natasha

Vault maps used:
D:1:      eino_arrival_tree_alley
D:2:      nicolae_dithmenos_shadow_blocks, uniq_jessica, uniq_natasha

Skill      XL: |  1  2  3 |
---------------+----------+-----
Transmutations | 3 |  3.7
Dodging        | 3 |  3.1
Unarmed Combat | 4 |  4.1
Fighting       | |  1.3
Spellcasting   | |  2.1
Poison Magic   | |  0.1

Action                   || total
-------------------------++-------
Melee: Unarmed           ||   126
       Headbutt          ||     8
 Cast: Beastly Appendage ||    13
       Spider Form       ||     1
  Use: Potion            ||     1
 Stab: Sleeping          ||     1
  Eat: Chunk             ||     3
Armor: Robe              ||    17
       Skin              ||     1
Dodge: Dodged            ||    97

Table legend:
 A = Spawn XP
 B = Non-spawn XP
 C = Spawn XP percentage of total XP
 D = Spawn monster count
 E = Non-spawn monster count
 F = Spawn count percentage of total count
 G = Total turns spent on level
                    A         B        C        D         E        F      G
               +---------+---------+-------+---------+---------+-------+---------
         Total |       0 |      74 |   0.0 |       0 |      27 |   0.0 |  1808
               +---------+---------+-------+---------+---------+-------+---------
           D:1 |       0 |      15 |   0.0 |       0 |       9 |   0.0 |   708
           D:2 |       0 |      59 |   0.0 |       0 |      18 |   0.0 |  1100
               +---------+---------+-------+---------+---------+-------+---------
